 Dungeon Crawl Stone Soup version 0.29.0-4-gdea44cf6ec (webtiles) character file.

Game seed: 12715863338536910756

6692 qw the Cleaver (level 11, -9/86 HPs)
             Began as a Formicid Cinder Acolyte on Sept 3, 2022.
             Was an Initiate of Ignis.
             Mangled by a komodo dragon (21 damage)
             ... on level 1 of the Lair of Beasts.
             The game lasted 00:05:51 (13004 turns).

qw the Cleaver (Formicid Cinder Acolyte)           Turns: 13004, Time: 00:05:52

Health: -9/86      AC: 24    Str: 22    XL:     11   Next: 23%
Magic:  0/12       EV: 10    Int: 12    God:    Ignis [......]
Gold:   505        SH:  5    Dex:  9    Spells: 12/12 levels left

rFire   + + +      SeeInvis +   Y - +0 battleaxe (protect)
rCold   . . .      Faith    .   h - +0 buckler
rNeg    + . .      Spirit   +   k - +0 plate armour
rPois   .          Reflect  .   (helmet unavailable)
rElec   .          Harm     .   (no cloak)
rCorr   .          Rampage  .   c - +0 pair of gloves of Teir {rF++ rN+ Int-3}
Will    +....                   o - +2 pair of boots
Stlth   ..........              m - amulet of guardian spirit
HPRegen 0.24/turn               e - +4 ring of evasion
MPRegen 0.13/turn               (no ring)

@: lethally poisoned (-9 -> -17), under a protective aura
A: permanent stasis, dig shafts and tunnels, antennae 3, four strong arms
a: Dig, Shaft Self, Renounce Religion, Rising Flame


You were on level 1 of the Lair of Beasts.
You worshipped Ignis.
Ignis was noncommittal.
You visited 3 branches of the dungeon, and saw 11 of its levels.

You collected 531 gold pieces.
You spent 26 gold pieces at shops.


Innate Abilities, Weirdness & Mutations

You cannot be hasted, slowed, berserked, paralysed or teleported.
You can dig through walls and to a lower floor.
You have a pair of large antennae on your head. (SInv)
Your four strong arms can wield two-handed weapons with a shield.


   Skills:
 - Level 8.0 Fighting
 - Level 12.0 Axes
 - Level 3.1 Throwing
 - Level 7.0 Armour
 + Level 1.3 Dodging
 - Level 7.6 Shields
 - Level 1.1 Spellcasting
 - Level 3.0 Fire Magic


You had 12 spell levels left.
You didn't know any spells.
Your spell library contained the following spells:

 Spells                   Type           Power      Damage    Failure   Level
 Scorch                   Fire           14%        2d5       95%         2

Inventory:

Hand Weapons
 p - a -1 hand axe of flaming
 Y - a +0 battleaxe of protection (weapon)
Missiles
 b - 5 boomerangs
 t - 3 javelins (quivered)
Armour
 c - the +0 pair of gloves of Teir (worn) {rF++ rN+ Int-3}
   (You found it on level 4 of the Dungeon)

   Int:       It affects your intelligence (-3).
   rF:        It greatly protects you from fire.
   rN:        It protects you from negative energy.
 h - a +0 buckler (worn)
 k - a +0 plate armour (worn)
 o - a +2 pair of boots (worn)
Jewellery
 e - a +4 ring of evasion (left hand)
 m - an amulet of guardian spirit (around neck)
 s - an amulet of the acrobat
Wands
 n - a wand of digging (5)
Scrolls
 l - a scroll of identify
Potions
 a - a potion of resistance
 f - 3 potions of curing
 g - a potion of mutation
 i - a potion of haste
 j - a potion of flight {unknown}
 q - a potion of might {unknown}
 r - a potion of degeneration {unknown}

Dungeon Overview and Level Annotations

Branches:
Dungeon (9/15)             Temple (1/1) D:5            Lair (1/5) D:9
    Orc: D:9-12

Altars:
Ashenzari
Cheibriados
Dithmenos
Elyvilon
Fedhas
Gozag
Hepliaklqana
Kikubaaqudgha
Makhleb
Nemelex Xobeh
Okawaru
Qazlal
Ru
Sif Muna
Trog
Uskayaw
Vehumet
Wu Jian
Xom
Yredelemnul
Zin
The Shining One

Shops:
D:1 ?   D:2 ?

Annotations:
D:8 2 runed translucent doors, qw's ghost, novice TrCA


Message History

You miss the blink frog.
The blink frog is heavily wounded.
You hit the water moccasin but do no damage.
You miss the blink frog. The blink frog barely misses you.
The blink frog hits you but does no damage.
The water moccasin bites you but does no damage.
The blink frog hits you but does no damage.
The blink frog hits you!
You slash the blink frog!
The blink frog is severely wounded.
You completely miss the blink frog. You miss the water moccasin.
The water moccasin bites you but does no damage.
The blink frog hits you.
The blink frog blinks!
The water moccasin bites you.
You are poisoned.
The water moccasin poisons you! The blink frog hits you.
The blink frog blinks!
You miss the blink frog.
The blink frog is severely wounded.
You closely miss the blink frog. You barely miss the water moccasin.
You feel very sick.
The blink frog blinks! x2; The water moccasin closely misses you.
The blink frog hits you but does no damage.
The water moccasin bites you!
You slash the blink frog!
The blink frog is severely wounded.
You slash the water moccasin! You hit the komodo dragon.
You feel very sick.
The blink frog hits you but does no damage.
The komodo dragon bites you! The water moccasin barely misses you.
The blink frog hits you.
The blink frog blinks!
You hit the blink frog.
The blink frog is almost dead.
You completely miss the water moccasin.
You hit the komodo dragon but do no damage.
You feel very sick. The water moccasin barely misses you.
You block the komodo dragon's attack. The blink frog hits you.
The blink frog blinks! x2
The water moccasin bites you but does no damage.
The komodo dragon bites you!!
You die...

#. .. ## #. #...> #
#F#. { .# #.. ..#
#FS####.# #l@ยค...#
### ##.....# ####.#
##.######...### #
#FF####...=..##..
###....##......<.#
#....#.............
#...#####............
....## #............
..# #............


You could see a komodo dragon, 4 blink frogs and a water moccasin.

Vanquished Creatures
  A two-headed ogre (D:7)
  A deep elf pyromancer (D:6)
  A komodo dragon (D:8)
  Grinder (D:6)
  Prince Ribbit (D:5)
  Sigmund (D:3)
  9 yaks (D:9)
  A steam dragon (D:8)
  Menkaure (D:4)
  A sky beast (D:7)
  An orc warrior (D:8)
  A black bear (D:7)
  2 ice beasts
  2 ogres
  3 centaurs
  3 phantoms
  2 bullfrogs
  2 kobold brigands
  2 gnoll sergeants
  2 scorpions
  5 wights (D:8)
  5 killer bees (D:8)
  A vampire bat (D:5)
  A howler monkey (D:8)
  7 hounds
  3 jellies (D:5)
  3 orc priests
  Jessica (D:2)
  An iguana (D:4)
  7 orc wizards
  Ijyb (D:3)
  Terence (D:2)
  Natasha (thrice) (D:2)
  12 adders
  14 gnolls
  2 shadow imps (D:5)
  A white imp (D:7)
  2 ufetubi
  A worm (D:3)
  3 dart slugs
  3 fire bats (D:5)
  19 orcs
  2 spectral bats (D:5)
  A ball python (D:1)
  3 bat skeletons (D:5)
  A bat zombie (D:5)
  5 endoplasms
  2 giant cockroaches (D:1)
  9 goblins
  4 hobgoblins
  2 jackals (D:1)
  A quokka (D:1)
  14 bats
  A bat simulacrum (D:5)
  3 frilled lizards (D:3)
  17 kobolds
  5 rats
204 creatures vanquished.

Vanquished Creatures (others)
  2 plants (D:6)
2 creatures vanquished.

Grand Total: 206 creatures vanquished

Notes
Turn   | Place    | Note
-------+----------+-------------------------------------------
     0 | D:1      | qw the Formicid Cinder Acolyte began the quest for the Orb.
     0 | D:1      | Reached XP level 1. HP: 18/18 MP: 2/2
     0 | D:1      | 0 ||| qw: Version: 0.1-a-102-g441f92d
     0 | D:1      | 0 ||| qw: Game counter: 5096
     0 | D:1      | 0 ||| qw: Always use a shield: true
     0 | D:1      | 0 ||| qw: God list: Okawaru
     0 | D:1      | 0 ||| qw: Allow faded altars: false
     0 | D:1      | 0 ||| qw: Do Orc after D:15 true
     0 | D:1      | 0 ||| qw: Do second Lair branch before Depths: true
     0 | D:1      | 0 ||| qw: Lair rune preference: random
     0 | D:1      | 0 ||| qw: Plans: Normal
     0 | D:1      | 0 ||| PLANNING D:1-11
   154 | D:1      | Found Cinwuehaff's Magic Scroll Shoppe.
   161 | D:1      | 161 ||| SHOPLISTING scroll of enchant weapon (105 gold,
                  | have 9).
   161 | D:1      | 161 ||| SHOPLISTING scroll of identify (28 gold, have 9).
   223 | D:1      | Reached XP level 2. HP: 24/24 MP: 3/3
   698 | D:1      | 698 ||| UPGRADING to +0 ring mail.
   708 | D:1      | 708 ||| DROPPING +0 robe.
   709 | D:1      | 709 ||| UPGRADING to amulet of guardian spirit.
   714 | D:1      | 714 ||| UPGRADING to +4 ring of evasion.
   715 | D:1      | 715 ||| READING scroll labelled ONKES QANOM.
   716 | D:1      | 716 ||| READING scroll labelled IKHLEWNOGAU.
   717 | D:1      | 717 ||| READING scroll labelled QAYNE XEKKO.
   718 | D:1      | 718 ||| READING 2 scrolls labelled KUXUMN PEHOV.
   719 | D:1      | 719 ||| READING scroll labelled DINASO GOGO.
   759 | D:2      | 759 ||| STAIRDANCE
   768 | D:2      | 768 ||| STAIRDANCE
   776 | D:1      | 776 ||| INVOKING Fiery Armour.
   781 | D:1      | Reached skill level 4 in Axes
   781 | D:1      | Reached XP level 3. HP: 12/29 MP: 2/4
   964 | D:2      | 964 ||| STAIRDANCE
   970 | D:1      | 970 ||| INVOKING Fiery Armour.
   971 | D:1      | Reached skill level 1 in Armour
  1140 | D:2      | 1140 ||| Stepping ~*~*~tactically~*~*~ (hiding).
  1140 | D:2      | Found Vilih's Magic Scroll Shop.
  1151 | D:2      | 1151 ||| INVOKING Fiery Armour.
  1156 | D:2      | Reached XP level 4. HP: 11/35 MP: 3/5
  1371 | D:2      | 1371 ||| SHOPLISTING scroll of enchant armour (97 gold,
                  | have 70).
  1371 | D:2      | 1371 ||| BUYING scroll of identify (26 gold).
  1371 | D:2      | Bought a scroll of identify for 26 gold pieces
  1452 | D:2      | Noticed Jessica
  1454 | D:2      | 1454 ||| Stepping ~*~*~tactically~*~*~ (hiding).
  1455 | D:2      | 1455 ||| Stepping ~*~*~tactically~*~*~ (hiding).
  1456 | D:2      | 1456 ||| Stepping ~*~*~tactically~*~*~ (hiding).
  1457 | D:2      | 1457 ||| Stepping ~*~*~tactically~*~*~ (hiding).
  1465 | D:2      | 1465 ||| Stepping ~*~*~tactically~*~*~ (hiding).
  1471 | D:2      | Killed Jessica
  1472 | D:2      | Reached skill level 5 in Axes
  1534 | D:2      | Noticed Terence
  1535 | D:2      | 1535 ||| Stepping ~*~*~tactically~*~*~ (stealth).
  1547 | D:2      | 1547 ||| INVOKING Fiery Armour.
  1551 | D:2      | Killed Terence
  1552 | D:2      | Reached skill level 1 in Dodging
  1552 | D:2      | Reached XP level 5. HP: 17/41 MP: 3/6
  1960 | D:2      | Found a bloodstained altar of Trog.
  1968 | D:2      | Noticed Natasha
  1969 | D:2      | 1969 ||| Stepping ~*~*~tactically~*~*~ (hiding).
  1970 | D:2      | 1970 ||| Stepping ~*~*~tactically~*~*~ (hiding).
  1977 | D:2      | Killed Natasha
  2117 | D:2      | Noticed Natasha
  2118 | D:2      | 2118 ||| Stepping ~*~*~tactically~*~*~ (stealth).
  2120 | D:2      | 2120 ||| FLEEEEING.
  2121 | D:2      | 2121 ||| FLEEEEING.
  2142 | D:2      | Killed Natasha
  2433 | D:2      | Noticed Natasha
  2446 | D:2      | Killed Natasha
  2447 | D:2      | Reached XP level 6. HP: 44/47 MP: 7/7
  2555 | D:2      | 2555 ||| UPGRADING to +0 scale mail.
  2565 | D:2      | 2565 ||| DROPPING +0 ring mail.
  2566 | D:2      | 2566 ||| UPGRADING to +0 chain mail.
  2576 | D:2      | 2576 ||| DROPPING +0 scale mail.
  2577 | D:2      | 2577 ||| READING scroll labelled CIGYAT DEOFEIFF.
  2578 | D:2      | 2578 ||| READING scroll labelled OWNOVU EQOH.
  2579 | D:2      | 2579 ||| DRINKING 4 green potions.
  2580 | D:2      | 2580 ||| DRINKING 2 sapphire potions.
  2581 | D:2      | 2581 ||| READING 2 scrolls of identify.
  2581 | D:2      | 2581 ||| IDENTIFYING ruby potion
  2582 | D:2      | 2582 ||| DROPPING 3 potions of attraction.
  2766 | D:3      | Noticed Ijyb
  2767 | D:3      | 2767 ||| Stepping ~*~*~tactically~*~*~ (hiding).
  2792 | D:3      | Killed Ijyb
  2945 | D:3      | Reached skill level 6 in Axes
  3288 | D:3      | Found a faded altar of an unknown god.
  3324 | D:3      | 3324 ||| Stepping ~*~*~tactically~*~*~ (stealth).
  3356 | D:3      | Noticed Sigmund
  3357 | D:3      | 3357 ||| Stepping ~*~*~tactically~*~*~ (hiding).
  3376 | D:3      | Killed Sigmund
  3377 | D:3      | Reached XP level 7. HP: 53/56 MP: 8/8
  3734 | D:3      | 3734 ||| DROPPING +6 ring of intelligence.
  3735 | D:3      | 3735 ||| READING scroll labelled FEAPAI VOFFAD.
  3736 | D:3      | 3736 ||| READING scroll labelled SOULID HUUDGHE.
  3737 | D:3      | 3737 ||| READING 3 scrolls of identify.
  3737 | D:3      | 3737 ||| IDENTIFYING bubbling puce potion
  3738 | D:3      | 3738 ||| READING 2 scrolls of identify.
  3738 | D:3      | 3738 ||| IDENTIFYING glowing orange potion
  3739 | D:3      | 3739 ||| DROPPING potion of ambrosia.
  3791 | D:4      | 3791 ||| Stepping ~*~*~tactically~*~*~ (stealth).
  3793 | D:4      | 3793 ||| Stepping ~*~*~tactically~*~*~ (stealth).
  3950 | D:4      | 3950 ||| FLEEEEING.
  3951 | D:4      | 3951 ||| FLEEEEING.
  3952 | D:4      | 3952 ||| FLEEEEING.
  3953 | D:4      | 3953 ||| FLEEEEING.
  3954 | D:4      | 3954 ||| FLEEEEING.
  3955 | D:4      | 3955 ||| FLEEEEING.
  3960 | D:4      | 3960 ||| FLEEEEING.
  3961 | D:4      | 3961 ||| FLEEEEING.
  3962 | D:4      | 3962 ||| FLEEEEING.
  3963 | D:4      | 3963 ||| FLEEEEING.
  3964 | D:4      | 3964 ||| FLEEEEING.
  3965 | D:4      | 3965 ||| STAIRDANCE
  4028 | D:4      | 4028 ||| STAIRDANCE
  4077 | D:4      | 4077 ||| Stepping ~*~*~tactically~*~*~ (hiding).
  4514 | D:4      | Noticed Menkaure
  4521 | D:4      | Killed Menkaure
  4522 | D:4      | Reached skill level 7 in Axes
  4522 | D:4      | Reached XP level 8. HP: 38/62 MP: 4/9
  4715 | D:4      | 4715 ||| INVOKING Fiery Armour.
  4718 | D:4      | Reached skill level 1 in Throwing
  4721 | D:4      | HP: 15/62 [poisoned by a scorpion]
  5012 | D:4      | Found a sacrificial altar of Ru.
  5028 | D:4      | Found a shimmering altar of Xom.
  5057 | D:4      | Identified the +0 pair of gloves of Teir {rF++ rN+ Int-3}
  5068 | D:4      | Identified the +1 robe of Buikiff {rN+ Str+2}
  5295 | D:4      | 5295 ||| Stepping ~*~*~tactically~*~*~ (hiding).
  5298 | D:4      | 5298 ||| INVOKING Fiery Armour.
  5320 | D:4      | Reached skill level 8 in Axes
  5323 | D:4      | 5323 ||| FLEEEEING.
  5324 | D:4      | 5324 ||| FLEEEEING.
  5325 | D:4      | 5325 ||| FLEEEEING.
  5326 | D:4      | 5326 ||| FLEEEEING.
  5327 | D:4      | 5327 ||| FLEEEEING.
  5328 | D:4      | 5328 ||| FLEEEEING.
  5329 | D:4      | 5329 ||| FLEEEEING.
  5330 | D:4      | 5330 ||| FLEEEEING.
  5331 | D:4      | 5331 ||| FLEEEEING.
  5333 | D:4      | 5333 ||| FLEEEEING.
  5334 | D:4      | 5334 ||| FLEEEEING.
  5335 | D:4      | 5335 ||| FLEEEEING.
  5336 | D:4      | 5336 ||| FLEEEEING.
  5337 | D:4      | 5337 ||| FLEEEEING.
  5338 | D:4      | 5338 ||| FLEEEEING.
  5339 | D:4      | 5339 ||| FLEEEEING.
  5340 | D:4      | 5340 ||| FLEEEEING.
  5341 | D:4      | 5341 ||| FLEEEEING.
  5342 | D:4      | 5342 ||| FLEEEEING.
  5343 | D:4      | 5343 ||| FLEEEEING.
  5344 | D:4      | 5344 ||| FLEEEEING.
  5345 | D:4      | 5345 ||| FLEEEEING.
  5346 | D:4      | 5346 ||| FLEEEEING.
  5347 | D:4      | 5347 ||| FLEEEEING.
  5348 | D:4      | 5348 ||| FLEEEEING.
  5349 | D:4      | 5349 ||| FLEEEEING.
  5350 | D:4      | 5350 ||| FLEEEEING.
  5351 | D:4      | 5351 ||| FLEEEEING.
  5352 | D:4      | 5352 ||| FLEEEEING.
  5353 | D:4      | 5353 ||| FLEEEEING.
  5354 | D:4      | 5354 ||| FLEEEEING.
  5355 | D:4      | 5355 ||| FLEEEEING.
  5356 | D:4      | 5356 ||| FLEEEEING.
  5357 | D:4      | 5357 ||| FLEEEEING.
  5358 | D:4      | 5358 ||| FLEEEEING.
  5359 | D:4      | 5359 ||| FLEEEEING.
  5360 | D:4      | 5360 ||| FLEEEEING.
  5361 | D:4      | 5361 ||| FLEEEEING.
  5362 | D:4      | 5362 ||| FLEEEEING.
  5363 | D:4      | 5363 ||| FLEEEEING.
  5365 | D:4      | 5365 ||| FLEEEEING.
  5366 | D:4      | 5366 ||| FLEEEEING.
  5367 | D:4      | 5367 ||| FLEEEEING.
  5368 | D:4      | 5368 ||| FLEEEEING.
  5369 | D:4      | 5369 ||| FLEEEEING.
  5370 | D:4      | 5370 ||| FLEEEEING.
  5371 | D:4      | 5371 ||| FLEEEEING.
  5372 | D:4      | 5372 ||| FLEEEEING.
  5373 | D:4      | 5373 ||| FLEEEEING.
  5374 | D:4      | 5374 ||| FLEEEEING.
  5376 | D:4      | 5376 ||| FLEEEEING.
  5377 | D:4      | 5377 ||| FLEEEEING.
  5378 | D:4      | 5378 ||| FLEEEEING.
  5379 | D:4      | 5379 ||| FLEEEEING.
  5380 | D:4      | 5380 ||| STAIRDANCE
  5475 | D:3      | 5475 ||| UPGRADING to +0 pair of gloves of Teir {rF++ rN+
                  | Int-3}.
  5480 | D:3      | 5480 ||| READING scroll labelled CYSSIWUXOW.
  5481 | D:3      | 5481 ||| READING scroll labelled ASCHITT TARCH.
  5656 | D:4      | 5656 ||| SWAPPING to +0 battleaxe.
  5720 | D:4      | 5720 ||| Stepping ~*~*~tactically~*~*~ (stealth).
  5721 | D:4      | 5721 ||| Stepping ~*~*~tactically~*~*~ (stealth).
  6013 | D:5      | Entered Level 5 of the Dungeon
  6013 | D:5      | Noticed Prince Ribbit
  6023 | D:5      | 6023 ||| STAIRDANCE
  6140 | D:5      | 6140 ||| STAIRDANCE
  6240 | D:5      | 6240 ||| STAIRDANCE
  6292 | D:5      | 6292 ||| INVOKING Fiery Armour.
  6296 | D:5      | HP: 10/62 [Prince Ribbit (11)]
  6296 | D:5      | Killed Prince Ribbit
  6582 | D:5      | 6582 ||| Stepping ~*~*~tactically~*~*~ (stealth).
  6584 | D:5      | 6584 ||| Stepping ~*~*~tactically~*~*~ (stealth).
  6597 | D:5      | 6597 ||| Stepping ~*~*~tactically~*~*~ (stealth).
  6627 | D:5      | Found a staircase to the Ecumenical Temple.
  6749 | D:5      | 6749 ||| Stepping ~*~*~tactically~*~*~ (stealth).
  6751 | D:5      | 6751 ||| Stepping ~*~*~tactically~*~*~ (stealth).
  6770 | D:5      | Reached XP level 9. HP: 58/68 MP: 10/10
  6819 | D:5      | 6819 ||| Stepping ~*~*~tactically~*~*~ (stealth).
  6821 | D:5      | 6821 ||| Stepping ~*~*~tactically~*~*~ (hiding).
  6837 | D:5      | 6837 ||| INVOKING Fiery Armour.
  6841 | D:5      | Reached skill level 9 in Axes
  7104 | D:5      | 7104 ||| Stepping ~*~*~tactically~*~*~ (hiding).
  7141 | D:5      | Reached skill level 6 in Fighting
  7319 | D:5      | 7319 ||| Stepping ~*~*~tactically~*~*~ (hiding).
  7321 | D:5      | 7321 ||| Stepping ~*~*~tactically~*~*~ (hiding).
  7389 | D:5      | 7389 ||| INVOKING Fiery Armour.
  7444 | D:5      | 7444 ||| Stepping ~*~*~tactically~*~*~ (stealth).
  7544 | D:5      | 7544 ||| DROPPING ring of flight.
  7596 | D:6      | Noticed Grinder
  7597 | D:6      | 7597 ||| INVOKING Fiery Armour.
  7601 | D:6      | Killed Grinder
  7602 | D:6      | Reached skill level 10 in Axes
  7690 | D:6      | Found an ornate altar of the Wu Jian Council.
  8064 | D:6      | 8064 ||| Stepping ~*~*~tactically~*~*~ (stealth).
  8126 | D:6      | Noticed a deep elf pyromancer
  8140 | D:6      | 8140 ||| INVOKING Fiery Armour.
  8141 | D:6      | Killed a deep elf pyromancer
  8409 | D:6      | 8409 ||| Stepping ~*~*~tactically~*~*~ (stealth).
  8420 | D:6      | Reached skill level 11 in Axes
  8420 | D:6      | Reached XP level 10. HP: 68/79 MP: 9/11
  8522 | D:6      | 8522 ||| UPGRADING to +0 buckler.
  8527 | D:6      | 8527 ||| UPGRADING to +0 pair of boots.
  8532 | D:6      | 8532 ||| READING scroll of enchant armour.
  8532 | D:6      | 8532 ||| ENCHANTING +0 pair of boots.
  8533 | D:6      | 8533 ||| READING scroll labelled HIVANA CENGO.
  8534 | D:6      | 8534 ||| READING 2 scrolls of identify.
  8534 | D:6      | 8534 ||| IDENTIFYING purple potion
  8617 | D:7      | Reached skill level 1 in Shields
  8642 | D:7      | 8642 ||| Stepping ~*~*~tactically~*~*~ (stealth).
  8643 | D:7      | 8643 ||| Stepping ~*~*~tactically~*~*~ (stealth).
  8649 | D:7      | Reached skill level 3 in Shields
  8654 | D:7      | 8654 ||| Stepping ~*~*~tactically~*~*~ (stealth).
  8659 | D:7      | 8659 ||| Stepping ~*~*~tactically~*~*~ (stealth).
  8693 | D:7      | 8693 ||| FLEEEEING.
  8694 | D:7      | 8694 ||| FLEEEEING.
  8695 | D:7      | 8695 ||| FLEEEEING.
  8697 | D:7      | 8697 ||| FLEEEEING.
  8698 | D:7      | 8698 ||| FLEEEEING.
  8699 | D:7      | 8699 ||| FLEEEEING.
  8700 | D:7      | 8700 ||| FLEEEEING.
  8701 | D:7      | 8701 ||| FLEEEEING.
  8702 | D:7      | 8702 ||| FLEEEEING.
  8703 | D:7      | 8703 ||| FLEEEEING.
  8704 | D:7      | 8704 ||| FLEEEEING.
  8705 | D:7      | 8705 ||| FLEEEEING.
  8706 | D:7      | 8706 ||| FLEEEEING.
  8707 | D:7      | 8707 ||| FLEEEEING.
  8708 | D:7      | 8708 ||| FLEEEEING.
  8709 | D:7      | 8709 ||| FLEEEEING.
  8710 | D:7      | 8710 ||| FLEEEEING.
  8711 | D:7      | 8711 ||| FLEEEEING.
  8712 | D:7      | 8712 ||| FLEEEEING.
  8713 | D:7      | 8713 ||| FLEEEEING.
  8714 | D:7      | 8714 ||| FLEEEEING.
  8715 | D:7      | 8715 ||| FLEEEEING.
  8718 | D:7      | 8718 ||| FLEEEEING.
  8719 | D:7      | 8719 ||| FLEEEEING.
  8720 | D:7      | 8720 ||| FLEEEEING.
  8721 | D:7      | 8721 ||| FLEEEEING.
  8722 | D:7      | 8722 ||| FLEEEEING.
  8723 | D:7      | 8723 ||| FLEEEEING.
  8724 | D:7      | 8724 ||| FLEEEEING.
  8725 | D:7      | 8725 ||| FLEEEEING.
  8726 | D:7      | 8726 ||| FLEEEEING.
  8740 | D:7      | 8740 ||| FLEEEEING.
  8741 | D:7      | 8741 ||| FLEEEEING.
  8742 | D:7      | 8742 ||| FLEEEEING.
  8743 | D:7      | 8743 ||| FLEEEEING.
  8746 | D:7      | 8746 ||| STAIRDANCE
  8935 | D:7      | Noticed a two-headed ogre
  8943 | D:7      | 8943 ||| INVOKING Fiery Armour.
  8946 | D:7      | HP: 19/79 [two-headed ogre/+0 giant spiked club (12)]
  8946 | D:7      | HP: 4/79 [two-headed ogre/+0 giant spiked club (15)]
  8946 | D:7      | Killed a two-headed ogre
  9251 | D:7      | 9251 ||| FLEEEEING.
  9557 | D:7      | 9557 ||| Stepping randomly (stuck).
  9566 | D:7      | 9566 ||| Stepping randomly (stuck).
  9568 | D:7      | 9568 ||| Stepping randomly (stuck).
  9570 | D:7      | 9570 ||| Stepping randomly (stuck).
  9571 | D:7      | 9571 ||| Stepping randomly (stuck).
  9572 | D:7      | 9572 ||| Stepping randomly (stuck).
  9574 | D:7      | 9574 ||| Stepping randomly (stuck).
  9576 | D:7      | 9576 ||| Stepping randomly (stuck).
  9578 | D:7      | 9578 ||| Stepping randomly (stuck).
  9579 | D:7      | 9579 ||| Stepping randomly (stuck).
  9579 | D:7      | Found an iron altar of Okawaru.
  9580 | D:7      | 9580 ||| Stepping randomly (stuck).
  9581 | D:7      | 9581 ||| Stepping randomly (stuck).
  9691 | D:7      | Found a glowing silver altar of Zin.
  9691 | D:7      | Noticed an angel
  9988 | D:8      | HP: 19/79 [killer bee (1)]
  9989 | D:8      | 9989 ||| DRINKING potion of heal wounds.
 10322 | D:8      | 10322 ||| Stepping ~*~*~tactically~*~*~ (hiding).
 10339 | D:8      | 10339 ||| Stepping ~*~*~tactically~*~*~ (hiding).
 10540 | D:8      | 10540 ||| Stepping ~*~*~tactically~*~*~ (stealth).
 10541 | D:8      | 10541 ||| Stepping ~*~*~tactically~*~*~ (stealth).
 10613 | D:8      | Identified the +2 ring mail "Neyddap" {Regen+ rCorr}
 10665 | D:8      | Found a large runed translucent door.
 10665 | D:8      | Found a large runed translucent door.
 10665 | D:8      | Noticed qw's ghost (novice TrCA)
 10710 | D:8      | Noticed a komodo dragon
 10716 | D:8      | Killed a komodo dragon
 11057 | D:8      | Reached skill level 3 in Throwing
 11138 | D:8      | 11138 ||| UPGRADING to +0 plate armour.
 11148 | D:8      | 11148 ||| PLANNING TEMPLE
 11148 | D:8      | 11148 ||| DROPPING +0 chain mail.
 11256 | Temple   | Entered the Ecumenical Temple
 11490 | Temple   | 11490 ||| PLANNING D:1-11
 11611 | D:9      | 11611 ||| Stepping ~*~*~tactically~*~*~ (stealth).
 11618 | D:9      | 11618 ||| STAIRDANCE
 11644 | D:9      | 11644 ||| STAIRDANCE
 11665 | D:9      | Found a flagged portal.
 11703 | D:9      | Found a staircase to the Lair.
 11810 | D:9      | 11810 ||| Stepping ~*~*~tactically~*~*~ (stealth).
 11811 | D:9      | 11811 ||| Stepping ~*~*~tactically~*~*~ (stealth).
 11860 | D:9      | 11860 ||| Stepping ~*~*~tactically~*~*~ (hiding).
 11946 | D:9      | 11946 ||| READING scroll of enchant armour.
 11946 | D:9      | 11946 ||| ENCHANTING +1 pair of boots.
 12018 | D:9      | 12018 ||| Stepping ~*~*~tactically~*~*~ (stealth).
 12020 | D:9      | 12020 ||| Stepping ~*~*~tactically~*~*~ (stealth).
 12031 | D:9      | Reached XP level 11. HP: 76/86 MP: 9/12
 12032 | D:9      | Reached skill level 6 in Armour
 12247 | D:9      | 12247 ||| Stepping ~*~*~tactically~*~*~ (stealth).
 12500 | D:9      | 12500 ||| Stepping ~*~*~tactically~*~*~ (hiding).
 12505 | D:9      | Reached skill level 12 in Axes
 12667 | D:9      | Found a burning altar of Makhleb.
 12811 | D:9      | 12811 ||| PLANNING LAIR
 12811 | D:9      | 12811 ||| READING scroll labelled WEIMOH WI VACK.
 12812 | D:9      | 12812 ||| READING 2 scrolls labelled ENNUJU CIMP.
 12813 | D:9      | 12813 ||| READING scroll of brand weapon.
 12813 | D:9      | 12813 ||| BRANDING +0 battleaxe of electrocution.
 12814 | D:9      | 12814 ||| READING 2 scrolls of identify.
 12814 | D:9      | 12814 ||| IDENTIFYING fizzy amethyst potion
 12815 | D:9      | 12815 ||| Stepping randomly (stuck).
 12816 | D:9      | 12816 ||| Stepping ~*~*~tactically~*~*~ (cloud).
 12970 | Lair:1   | Entered Level 1 of the Lair of Beasts
 12991 | Lair:1   | 12991 ||| Stepping ~*~*~tactically~*~*~ (stealth).
 13003 | Lair:1   | HP: 19/86 [blink frog (5)]
 13004 | Lair:1   | Mangled by a komodo dragon

Levels and vault maps discovered:
D:1:      roderic_dead_forest, layout_loops_cross, serial_shops, shop
D:2:      layout_loops_ring, serial_shops, shop, basic_altar,
          grunt_decor_one_mirror, patterned_corridor, uniq_jessica,
          uniq_terence, uniq_natasha
D:3:      layout_basic, dreamdust_ecumenical_altar_angels_and_demons, uniq_ijyb,
          uniq_sigmund
D:4:      layout_loops_corners, mainiacjoe_overflow_large_starburst,
          grunt_ministairs_6, uniq_menkaure
D:5:      layout_basic, minmay_temple_entry_slanted, goddamned_bats,
          uniq_prince_ribbit1
D:6:      layout_basic, lemuel_tele_altar, minmay_misc_feat_columns,
          guppyfry_early_elven_hall, uniq_grinder
D:7:      layout_basic, zin_angel, amcnicky_altar_gilded
D:8:      layout_loops_corners, ebering_ghost_disaster_area
D:9:      layout_basic, general_overflow_altar, lair_entry_dummy,
          enter_bailey_3, skrybe_limestone_x,
          nicolae_concentric_dashed_squares_mild
Temple:   compressed_dpeg_triangle_lava_temple
Lair:1:   layout_cave_pods, nicolae_quartered_pool_super, st_stairs_9

Skill      XL: |  1  2  3  4  5  6  7  8  9 10 11 |
---------------+----------------------------------+-----
Axes           | 4 5 6 7 8 11 12 | 12.0
Armour         | 1 2 4 5 7 |  7.0
Dodging        | 1 |  1.3
Fighting       | 5 7 8 |  8.0
Throwing       | 1 3 |  3.1
Shields        | 7 |  7.6
Spellcasting   | |  1.1
Fire Magic     | |  3.0

Action                   |  1- 3 |  4- 6 |  7- 9 | 10-12 || total
-------------------------+-------+-------+-------+-------++-------
Melee: Hand axe          |    50 |   144 |   106 |       ||   300
       Punch             |     1 |       |     3 |       ||     4
       Unarmed           |       |     6 |       |       ||     6
       Battleaxe         |       |       |   225 |   271 ||   496
Throw: Boomerang         |     4 |    22 |    19 |     4 ||    49
       Javelin           |       |       |       |    13 ||    13
Invok: Fiery Armour      |     3 |     1 |     7 |     1 ||    12
  Use: Scroll            |     5 |     3 |     6 |     8 ||    22
       Potion            |       |     2 |       |     1 ||     3
Armor: Robe              |     3 |       |       |       ||     3
       Ring mail         |    10 |     7 |       |       ||    17
       Chain mail        |       |    23 |   192 |    83 ||   298
       Plate armour      |       |       |       |    47 ||    47
Dodge: Dodged            |    44 |    86 |   229 |   168 ||   527
Block: Buckler           |       |       |       |    80 ||    80

Table legend:
 A = Non-vault XP
 B = Vault XP
 C = Vault XP percentage of total XP
 D = Non-vault monster count
 E = Vault monster count
 F = Vault count percentage of total count
                 A         B        C        D         E       F
            +---------+---------+-------+---------+---------+-------
      Total |    7686 |    1874 |  19.6 |     169 |      35 |  17.2
            +---------+---------+-------+---------+---------+-------
        D:1 |      51 |       0 |   0.0 |      15 |       0 |   0.0
        D:2 |     120 |     108 |  47.4 |      14 |       3 |  17.6
        D:3 |     109 |     279 |  71.9 |      18 |       2 |  10.0
        D:4 |     545 |     184 |  25.2 |      22 |       3 |  12.0
        D:5 |     735 |     438 |  37.3 |      25 |      21 |  45.7
        D:6 |     513 |     857 |  62.6 |      14 |       2 |  12.5
        D:7 |    1809 |       0 |   0.0 |      24 |       0 |   0.0
        D:8 |    1681 |       4 |   0.2 |      19 |       2 |   9.5
        D:9 |    2123 |       4 |   0.2 |      18 |       2 |  10.0
            +---------+---------+-------+---------+---------+-------
